Wild vs RedWings

Created - December 22 2011 at 19:41

Goals
1 2 3 T
Wild 1 0 1 2
RedWings 2 1 1 4
Shots
1 2 3 T
Wild 13 4 2 19
RedWings 7 8 6 21

Period #1

1. Wild , Christopher Higgins 11 (Ryan Getzlaf, Michal Rozsival) at 3:55
2. RedWings , Brian Campbell 8 (Travis Zajac, Paul Martin) at 6:56
3. RedWings , Sergei Kostitsyn 10 (Zach Parise, Paul Martin) at 7:52 (PP)

Penalties :
Michal Rozsival (MIN) for Roughing (Minor) at 7:33, Eric Brewer (DET) for High sticking (Minor) at 17:35

Period #2

4. RedWings , Zach Parise 18 (Brian Campbell, Paul Martin) at 11:34 (PP)

Penalties :
Michal Rozsival (MIN) for Charging (Minor) at 0:07, Radek Martinek (MIN) for Hooking (Minor) at 10:32, Pavel Kubina (DET) for Holding (Minor) at 12:41

Period #3

5. RedWings , Alexandre Burrows 17 (Keith Yandle) at 11:55 (PP)
6. Wild , Rene Bourque 8 (Brian Gionta, Andrew Ebbett) at 13:23

Penalties :
Ryan Whitney (DET) for Hooking (Minor) at 0:05, Joni Pitkanen (MIN) for Roughing (Minor) at 6:32, Michal Rozsival (MIN) for Tripping (Minor) at 10:39, Ryan Whitney (DET) for Holding (Minor) at 16:57

Goalie Stats

Craig Anderson (MIN), 17 saves from 21 shots - (0.810), L, 16-15-3, 60:00 minutes
Roberto Luongo (DET), 17 saves from 19 shots - (0.895), W, 24-12-4, 60:00 minutes

Players Stats

Wild
Player Name              G  A  P  +/- PIM S  H  SB FO    MP 
------------------------------------------------------------
Alexei Ponikarovsky      0  0  0   0  0   1  0  0  0/0   17 
Andrew Ebbett            0  1  1   1  0   0  1  1  4/10  19 
Brian Gionta             0  1  1   1  0   0  0  0  0/0   19 
Christopher Higgins      1  0  1   0  0   6  0  0  1/1   18 
Colin White              0  0  0   0  0   0  0  0  0/0   7  
Joel Ward                0  0  0   0  0   2  0  1  0/1   16 
Jon Sim                  0  0  0   0  0   0  0  0  0/0   5  
Joni Pitkanen            0  0  0   1  2   0  0  1  0/0   20 
Marc-Andre Bergeron      0  0  0   0  0   1  0  0  0/0   16 
Michal Rozsival          0  1  1   0  6   1  1  3  0/0   19 
Mike Modano              0  0  0   0  0   1  0  0  9/21  20 
Milan Michalek           0  0  0   0  0   2  0  0  0/2   18 
Niclas Wallin            0  0  0   0  0   0  1  1  0/0   18 
Radek Martinek           0  0  0   0  2   0  2  2  0/0   16 
Rene Bourque             1  0  1   1  0   3  1  0  1/3   19 
Ruslan Fedotenko         0  0  0   0  0   0  0  0  0/0   3  
Ryan Getzlaf             0  1  1   0  0   1  0  1  23/29 22 
Tom Gilbert              0  0  0   1  0   1  0  1  0/0   22 
RedWings
Player Name              G  A  P  +/- PIM S  H  SB FO    MP 
------------------------------------------------------------
Alexandre Burrows        1  0  1   0  0   4  3  0  1/2   20 
Brett Clark              0  0  0   0  0   0  0  0  0/0   2  
Brian Campbell           1  1  2   0  0   1  0  0  0/0   21 
Curtis Glencross         0  0  0  -1  0   0  0  0  0/0   21 
Eric Brewer              0  0  0  -1  2   2  1  0  0/0   17 
Jamie Langenbrunner      0  0  0  -1  0   1  0  0  1/1   16 
Keith Yandle             0  1  1   0  0   1  1  2  0/0   23 
Kris Draper              0  0  0   0  0   0  0  0  6/20  14 
Nate Thompson            0  0  0  -1  0   1  0  0  9/17  18 
Niclas Bergfors          0  0  0   0  0   1  1  0  0/0   9  
Nik Antropov             0  0  0   0  0   0  1  0  3/13  13 
Paul Martin              0  3  3   0  0   1  0  0  0/0   20 
Pavel Kubina             0  0  0  -1  2   0  1  0  0/0   18 
Ray Whitney              0  0  0   0  0   1  0  0  0/0   14 
Ryan Whitney             0  0  0   0  4   2  0  2  0/0   18 
Sergei Kostitsyn         1  0  1   0  0   3  0  0  1/2   12 
Travis Zajac             0  1  1   0  0   2  1  0  8/12  16 
Zach Parise              1  1  2   0  0   1  2  0  0/0   21 

3 Stars

1 - Zach Parise (DET)
2 - Brian Campbell (DET)
3 - Paul Martin (DET)

Power Play

Wild - 0 on 4 Attempt(s) - 0.00%
RedWings - 3 on 5 Attempt(s) - 60.00%

Penalty Kill

Wild - 2 on 5 Attempt(s) - 40.00% - Score 0 goal in Penalty Kill
RedWings - 4 on 4 Attempt(s) - 100.00% - Score 0 goal in Penalty Kill

Game Notes

No Game Note

Finance

Level 1 -- Attendance: 6500 (100.00%) -- Ticket Income $487,500.00
Level 2 -- Attendance: 5000 (100.00%) -- Ticket Income $225,000.00
Level 3 -- Attendance: 3341 (95.46%) -- Ticket Income $83,525.00
Level 4 -- Attendance: 2943 (72.38%) -- Ticket Income $44,145.00
Luxury Box -- Attendance: 994 (99.40%) -- Ticket Income $149,100.00
Game was played at the Joe Louis Arena
Total Attendance: 18778 (93.58%)
Total Ticket Income: $1,008,505.00
Other Income: $221,835.30
Total Income: $1,230,340.00


Play by Play

Period #1

0:01 of 1st period - Ryan Getzlaf wins face-off versus Nik Antropov in neutral zone.
1:44 of 1st period - Off-side.
1:45 of 1st period - Jamie Langenbrunner wins face-off versus Mike Modano in neutral zone.
2:49 of 1st period - Shot by Christopher Higgins.
2:49 of 1st period - Stopped by Roberto Luongo without a rebound.
2:50 of 1st period - Rene Bourque wins face-off versus Kris Draper in RedWings zone.
3:11 of 1st period - Icing by Tom Gilbert.
3:12 of 1st period - Travis Zajac wins face-off versus Andrew Ebbett in Wild zone.
3:53 of 1st period - Shot by Ryan Getzlaf.
3:53 of 1st period - Shot Misses the Net.
3:55 of 1st period - Shot by Christopher Higgins.
3:55 of 1st period - Goal by Christopher Higgins - Wild : 1 - RedWings : 0.
3:56 of 1st period - Mike Modano wins face-off versus Nik Antropov in neutral zone.
4:16 of 1st period - Shot by Alexei Ponikarovsky.
4:16 of 1st period - Stopped by Roberto Luongo without a rebound.
4:17 of 1st period - Ryan Getzlaf wins face-off versus Kris Draper in RedWings zone.
4:18 of 1st period - Shot by Christopher Higgins.
4:18 of 1st period - Stopped by Roberto Luongo without a rebound.
4:19 of 1st period - Ryan Getzlaf wins face-off versus Kris Draper in RedWings zone.
4:26 of 1st period - Shot by Milan Michalek.
4:26 of 1st period - Shot Misses the Net.
4:28 of 1st period - Shot by Ryan Getzlaf.
4:28 of 1st period - Stopped by Roberto Luongo without a rebound.
4:29 of 1st period - Mike Modano wins face-off versus Nate Thompson in RedWings zone.
4:36 of 1st period - Shot by Alexei Ponikarovsky.
4:36 of 1st period - Deflect By Joel Ward.
4:36 of 1st period - Stopped by Roberto Luongo without a rebound.
4:37 of 1st period - Ryan Getzlaf wins face-off versus Kris Draper in RedWings zone.
4:47 of 1st period - Shot by Milan Michalek.
4:47 of 1st period - Shot Misses the Net.
4:49 of 1st period - Shot by Milan Michalek.
4:49 of 1st period - Shot Misses the Net.
4:51 of 1st period - Shot by Milan Michalek.
4:51 of 1st period - Stopped by Roberto Luongo with a rebound.
4:53 of 1st period - Shot by Christopher Higgins.
4:53 of 1st period - Stopped by Roberto Luongo without a rebound.
4:54 of 1st period - Nate Thompson wins face-off versus Mike Modano in RedWings zone.
5:24 of 1st period - Shot by Alexei Ponikarovsky.
5:24 of 1st period - Shot Misses the Net.
6:12 of 1st period - Shot by Rene Bourque.
6:12 of 1st period - Shot Misses the Net.
6:16 of 1st period - Shot by Rene Bourque.
6:16 of 1st period - Stopped by Roberto Luongo with a rebound.
6:18 of 1st period - Shot by Brian Gionta.
6:18 of 1st period - Shot Misses the Net.
6:42 of 1st period - Shot by Ryan Getzlaf.
6:42 of 1st period - Deflect By Christopher Higgins.
6:42 of 1st period - Stopped by Roberto Luongo without a rebound.
6:43 of 1st period - Ryan Getzlaf wins face-off versus Travis Zajac in RedWings zone.
6:54 of 1st period - Shot by Travis Zajac.
6:54 of 1st period - Stopped by Craig Anderson with a rebound.
6:56 of 1st period - Shot by Brian Campbell.
6:56 of 1st period - Goal by Brian Campbell - Wild : 1 - RedWings : 1.
6:57 of 1st period - Mike Modano wins face-off versus Kris Draper in neutral zone.
7:01 of 1st period - Radek Martinek is hit by Keith Yandle.
7:04 of 1st period - Icing by Brian Campbell.
7:05 of 1st period - Ryan Getzlaf wins face-off versus Kris Draper in RedWings zone.
7:12 of 1st period - Shot by Milan Michalek.
7:12 of 1st period - Shot Misses the Net.
7:33 of 1st period - Minor Penalty to Michal Rozsival for Roughing.
7:34 of 1st period - Mike Modano wins face-off versus Travis Zajac in Wild zone.
7:42 of 1st period - Off-side.
7:43 of 1st period - Travis Zajac wins face-off versus Mike Modano in neutral zone.
7:52 of 1st period - Shot by Sergei Kostitsyn.
7:52 of 1st period - Goal by Sergei Kostitsyn - Wild : 1 - RedWings : 2.
7:53 of 1st period - Travis Zajac wins face-off versus Mike Modano in neutral zone.
8:23 of 1st period - Shot by Zach Parise.
8:23 of 1st period - Shot Blocked by Radek Martinek.
8:25 of 1st period - Shot by Travis Zajac.
8:25 of 1st period - Shot Misses the Net.
9:07 of 1st period - Shot by Niclas Bergfors.
9:07 of 1st period - Stopped by Craig Anderson without a rebound.
9:08 of 1st period - Ryan Getzlaf wins face-off versus Nik Antropov in Wild zone.
9:10 of 1st period - Icing by Marc-Andre Bergeron.
9:11 of 1st period - Ryan Getzlaf wins face-off versus Nate Thompson in Wild zone.
9:18 of 1st period - Shot by Ryan Getzlaf.
9:18 of 1st period - Shot Misses the Net.
11:02 of 1st period - Shot by Zach Parise.
11:02 of 1st period - Shot Misses the Net.
11:06 of 1st period - Shot by Travis Zajac.
11:06 of 1st period - Shot Misses the Net.
11:08 of 1st period - Shot by Paul Martin.
11:08 of 1st period - Shot Hit the Post.
11:10 of 1st period - Shot by Ryan Whitney.
11:10 of 1st period - Shot Misses the Net.
11:14 of 1st period - Shot by Travis Zajac.
11:14 of 1st period - Shot Blocked by Michal Rozsival.
11:18 of 1st period - Shot by Alexandre Burrows.
11:18 of 1st period - Stopped by Craig Anderson with a rebound.
11:22 of 1st period - Shot by Alexandre Burrows.
11:22 of 1st period - Stopped by Craig Anderson without a rebound.
11:23 of 1st period - Mike Modano wins face-off versus Nik Antropov in Wild zone.
11:28 of 1st period - Shot by Sergei Kostitsyn.
11:28 of 1st period - Shot Blocked by Niclas Wallin.
11:32 of 1st period - Shot by Sergei Kostitsyn.
11:32 of 1st period - Stopped by Craig Anderson without a rebound.
11:33 of 1st period - Nate Thompson wins face-off versus Mike Modano in Wild zone.
17:18 of 1st period - Shot by Zach Parise.
17:18 of 1st period - Shot Blocked by Michal Rozsival.
17:35 of 1st period - Minor Penalty to Eric Brewer for High sticking.
17:36 of 1st period - Christopher Higgins wins face-off versus Kris Draper in RedWings zone.
17:48 of 1st period - Icing by Christopher Higgins.
17:49 of 1st period - Kris Draper wins face-off versus Milan Michalek in Wild zone.
18:29 of 1st period - Ryan Getzlaf is hit by Pavel Kubina.
18:31 of 1st period - Shot by Michal Rozsival.
18:31 of 1st period - Stopped by Roberto Luongo without a rebound.
18:32 of 1st period - Kris Draper wins face-off versus Ryan Getzlaf in RedWings zone.
18:57 of 1st period - Shot by Joni Pitkanen.
18:57 of 1st period - Shot Hit the Post.
18:59 of 1st period - Shot by Rene Bourque.
18:59 of 1st period - Stopped by Roberto Luongo without a rebound.
19:00 of 1st period - Andrew Ebbett wins face-off versus Nate Thompson in RedWings zone.
19:14 of 1st period - Shot by Christopher Higgins.
19:14 of 1st period - Shot Hit the Post.
19:16 of 1st period - Shot by Milan Michalek.
19:16 of 1st period - Stopped by Roberto Luongo without a rebound.
19:17 of 1st period - Nate Thompson wins face-off versus Mike Modano in RedWings zone.
19:39 of 1st period - Icing by Keith Yandle.
19:40 of 1st period - Nik Antropov wins face-off versus Mike Modano in RedWings zone.

Period #2

0:01 of 2nd period - Nik Antropov wins face-off versus Milan Michalek in neutral zone.
0:07 of 2nd period - Minor Penalty to Michal Rozsival for Charging.
0:08 of 2nd period - Travis Zajac wins face-off versus Mike Modano in Wild zone.
1:07 of 2nd period - Shot by Ryan Whitney.
1:07 of 2nd period - Shot Misses the Net.
1:09 of 2nd period - Shot by Keith Yandle.
1:09 of 2nd period - Shot Misses the Net.
1:13 of 2nd period - Shot by Ryan Whitney.
1:13 of 2nd period - Stopped by Craig Anderson without a rebound.
1:14 of 2nd period - Alexandre Burrows wins face-off versus Ryan Getzlaf in Wild zone.
1:23 of 2nd period - Shot by Keith Yandle.
1:23 of 2nd period - Shot Misses the Net.
1:33 of 2nd period - Shot by Keith Yandle.
1:33 of 2nd period - Shot Blocked by Andrew Ebbett.
2:29 of 2nd period - Shot by Nate Thompson.
2:29 of 2nd period - Shot Misses the Net.
2:31 of 2nd period - Shot by Eric Brewer.
2:31 of 2nd period - Stopped by Craig Anderson without a rebound.
2:32 of 2nd period - Kris Draper wins face-off versus Mike Modano in Wild zone.
2:44 of 2nd period - Icing by Keith Yandle.
2:45 of 2nd period - Kris Draper wins face-off versus Andrew Ebbett in RedWings zone.
2:58 of 2nd period - Shot by Keith Yandle.
2:58 of 2nd period - Shot Misses the Net.
3:34 of 2nd period - Shot by Pavel Kubina.
3:34 of 2nd period - Shot Misses the Net.
3:59 of 2nd period - Icing by Radek Martinek.
4:00 of 2nd period - Mike Modano wins face-off versus Travis Zajac in Wild zone.
4:16 of 2nd period - Icing by Paul Martin.
4:17 of 2nd period - Travis Zajac wins face-off versus Ryan Getzlaf in RedWings zone.
4:58 of 2nd period - Shot by Milan Michalek.
4:58 of 2nd period - Shot Blocked by Keith Yandle.
5:18 of 2nd period - Shot by Sergei Kostitsyn.
5:18 of 2nd period - Shot Blocked by Joni Pitkanen.
6:12 of 2nd period - Shot by Nate Thompson.
6:12 of 2nd period - Stopped by Craig Anderson without a rebound.
6:13 of 2nd period - Travis Zajac wins face-off versus Mike Modano in Wild zone.
6:14 of 2nd period - Shot by Brian Campbell.
6:14 of 2nd period - Shot Blocked by Radek Martinek.
6:16 of 2nd period - Shot by Alexandre Burrows.
6:16 of 2nd period - Shot Misses the Net.
6:18 of 2nd period - Shot by Brian Campbell.
6:18 of 2nd period - Shot Misses the Net.
6:22 of 2nd period - Shot by Zach Parise.
6:22 of 2nd period - Deflect By Alexandre Burrows.
6:22 of 2nd period - Shot Blocked by Joel Ward.
6:45 of 2nd period - Travis Zajac is hit by Radek Martinek and loses puck.
7:15 of 2nd period - Shot by Jamie Langenbrunner.
7:15 of 2nd period - Stopped by Craig Anderson with a rebound.
7:19 of 2nd period - Shot by Eric Brewer.
7:19 of 2nd period - Stopped by Craig Anderson without a rebound.
7:20 of 2nd period - Ryan Getzlaf wins face-off versus Kris Draper in Wild zone.
7:20 of 2nd period - Ryan Getzlaf is hit by Niclas Bergfors.
7:49 of 2nd period - Shot by Milan Michalek.
7:49 of 2nd period - Shot Misses the Net.
7:53 of 2nd period - Shot by Christopher Higgins.
7:53 of 2nd period - Shot Blocked by Ryan Whitney.
7:55 of 2nd period - Shot by Christopher Higgins.
7:55 of 2nd period - Stopped by Roberto Luongo without a rebound.
7:56 of 2nd period - Andrew Ebbett wins face-off versus Nate Thompson in RedWings zone.
7:57 of 2nd period - Shot by Rene Bourque.
7:57 of 2nd period - Shot Misses the Net.
8:59 of 2nd period - Joni Pitkanen is hit by Alexandre Burrows and loses puck.
9:22 of 2nd period - Icing by Paul Martin.
9:23 of 2nd period - Ryan Getzlaf wins face-off versus Travis Zajac in RedWings zone.
9:52 of 2nd period - Shot by Sergei Kostitsyn.
9:52 of 2nd period - Stopped by Craig Anderson without a rebound.
9:53 of 2nd period - Nate Thompson wins face-off versus Mike Modano in Wild zone.
10:32 of 2nd period - Minor Penalty to Radek Martinek for Hooking.
10:33 of 2nd period - Ryan Getzlaf wins face-off versus Nik Antropov in Wild zone.
10:58 of 2nd period - Shot by Alexandre Burrows.
10:58 of 2nd period - Shot Blocked by Ryan Getzlaf.
11:00 of 2nd period - Shot by Nik Antropov.
11:00 of 2nd period - Shot Blocked by Michal Rozsival.
11:02 of 2nd period - Shot by Nik Antropov.
11:02 of 2nd period - Shot Hit the Post.
11:04 of 2nd period - Shot by Ryan Whitney.
11:04 of 2nd period - Shot Misses the Net.
11:30 of 2nd period - Shot by Paul Martin.
11:30 of 2nd period - Stopped by Craig Anderson with a rebound.
11:34 of 2nd period - Shot by Zach Parise.
11:34 of 2nd period - Goal by Zach Parise - Wild : 1 - RedWings : 3.
11:35 of 2nd period - Ryan Getzlaf wins face-off versus Kris Draper in neutral zone.
12:41 of 2nd period - Minor Penalty to Pavel Kubina for Holding.
12:42 of 2nd period - Nate Thompson wins face-off versus Andrew Ebbett in RedWings zone.
12:59 of 2nd period - Shot by Tom Gilbert.
12:59 of 2nd period - Stopped by Roberto Luongo without a rebound.
13:00 of 2nd period - Ryan Getzlaf wins face-off versus Nate Thompson in RedWings zone.
13:01 of 2nd period - Shot by Joni Pitkanen.
13:01 of 2nd period - Shot Blocked by Ryan Whitney.
13:14 of 2nd period - Off-side.
13:15 of 2nd period - Kris Draper wins face-off versus Andrew Ebbett in neutral zone.
14:02 of 2nd period - Tom Gilbert is hit by Zach Parise and loses puck.
14:14 of 2nd period - Shot by Marc-Andre Bergeron.
14:14 of 2nd period - Shot Misses the Net.
14:16 of 2nd period - Shot by Mike Modano.
14:16 of 2nd period - Stopped by Roberto Luongo without a rebound.
14:17 of 2nd period - Ryan Getzlaf wins face-off versus Kris Draper in RedWings zone.
16:32 of 2nd period - Icing by Tom Gilbert.
16:33 of 2nd period - Kris Draper wins face-off versus Andrew Ebbett in Wild zone.
17:15 of 2nd period - Icing by Niclas Bergfors.
17:16 of 2nd period - Ryan Getzlaf wins face-off versus Kris Draper in RedWings zone.
17:32 of 2nd period - Icing by Ryan Getzlaf.
17:33 of 2nd period - Ryan Getzlaf wins face-off versus Nik Antropov in Wild zone.
18:36 of 2nd period - Shot by Zach Parise.
18:36 of 2nd period - Deflect By Alexandre Burrows.
18:36 of 2nd period - Shot Blocked by Tom Gilbert.
18:46 of 2nd period - Alexandre Burrows is hit by Rene Bourque and loses puck.
19:13 of 2nd period - Shot by Joel Ward.
19:13 of 2nd period - Stopped by Roberto Luongo without a rebound.
19:14 of 2nd period - Mike Modano wins face-off versus Nate Thompson in RedWings zone.

Period #3

0:01 of 3rd period - Ryan Getzlaf wins face-off versus Nik Antropov in neutral zone.
0:05 of 3rd period - Minor Penalty to Ryan Whitney for Hooking.
0:06 of 3rd period - Nate Thompson wins face-off versus Rene Bourque in RedWings zone.
0:28 of 3rd period - Icing by Michal Rozsival.
0:29 of 3rd period - Ryan Getzlaf wins face-off versus Kris Draper in Wild zone.
0:29 of 3rd period - Ryan Getzlaf is hit by Alexandre Burrows.
1:15 of 3rd period - Off-side.
1:16 of 3rd period - Andrew Ebbett wins face-off versus Kris Draper in neutral zone.
1:19 of 3rd period - Shot by Marc-Andre Bergeron.
1:19 of 3rd period - Stopped by Roberto Luongo without a rebound.
1:20 of 3rd period - Nate Thompson wins face-off versus Andrew Ebbett in RedWings zone.
1:20 of 3rd period - Nate Thompson is hit by Andrew Ebbett.
2:07 of 3rd period - Shot by Radek Martinek.
2:07 of 3rd period - Shot Misses the Net.
2:34 of 3rd period - Curtis Glencross is hit by Niclas Wallin and loses puck.
3:11 of 3rd period - Shot by Alexandre Burrows.
3:11 of 3rd period - Shot Misses the Net.
3:28 of 3rd period - Icing by Paul Martin.
3:29 of 3rd period - Travis Zajac wins face-off versus Rene Bourque in RedWings zone.
5:09 of 3rd period - Icing by Niclas Wallin.
5:10 of 3rd period - Nik Antropov wins face-off versus Joel Ward in Wild zone.
5:10 of 3rd period - Ryan Whitney is hit by Radek Martinek and loses puck.
5:58 of 3rd period - Shot by Alexandre Burrows.
5:58 of 3rd period - Stopped by Craig Anderson without a rebound.
5:59 of 3rd period - Andrew Ebbett wins face-off versus Nate Thompson in Wild zone.
5:59 of 3rd period - Joni Pitkanen is hit by Zach Parise and loses puck.
6:09 of 3rd period - Brian Gionta is hit by Eric Brewer.
6:32 of 3rd period - Minor Penalty to Joni Pitkanen for Roughing.
6:33 of 3rd period - Ryan Getzlaf wins face-off versus Nik Antropov in Wild zone.
7:09 of 3rd period - Shot by Alexandre Burrows.
7:09 of 3rd period - Shot Misses the Net.
7:11 of 3rd period - Shot by Ryan Whitney.
7:11 of 3rd period - Stopped by Craig Anderson with a rebound.
7:25 of 3rd period - Jon Sim is hit by Travis Zajac and loses puck.
7:55 of 3rd period - Icing by Paul Martin.
7:56 of 3rd period - Sergei Kostitsyn wins face-off versus Ryan Getzlaf in RedWings zone.
9:58 of 3rd period - Off-side.
9:59 of 3rd period - Ryan Getzlaf wins face-off versus Alexandre Burrows in neutral zone.
10:10 of 3rd period - Shot by Milan Michalek.
10:10 of 3rd period - Shot Misses the Net.
10:19 of 3rd period - Ryan Whitney is hit by Michal Rozsival and loses puck.
10:39 of 3rd period - Minor Penalty to Michal Rozsival for Tripping.
10:40 of 3rd period - Travis Zajac wins face-off versus Mike Modano in Wild zone.
10:47 of 3rd period - Shot by Travis Zajac.
10:47 of 3rd period - Stopped by Craig Anderson without a rebound.
10:48 of 3rd period - Ryan Getzlaf wins face-off versus Nik Antropov in Wild zone.
11:09 of 3rd period - Shot by Keith Yandle.
11:09 of 3rd period - Stopped by Craig Anderson without a rebound.
11:10 of 3rd period - Ryan Getzlaf wins face-off versus Sergei Kostitsyn in Wild zone.
11:25 of 3rd period - Shot by Sergei Kostitsyn.
11:25 of 3rd period - Shot Misses the Net.
11:27 of 3rd period - Shot by Zach Parise.
11:27 of 3rd period - Shot Misses the Net.
11:55 of 3rd period - Shot by Alexandre Burrows.
11:55 of 3rd period - Goal by Alexandre Burrows - Wild : 1 - RedWings : 4.
11:56 of 3rd period - Mike Modano wins face-off versus Nate Thompson in neutral zone.
13:23 of 3rd period - Shot by Brian Gionta.
13:23 of 3rd period - Deflect By Rene Bourque.
13:23 of 3rd period - Goal by Rene Bourque - Wild : 2 - RedWings : 4.
13:24 of 3rd period - Ryan Getzlaf wins face-off versus Kris Draper in neutral zone.
13:29 of 3rd period - Shot by Christopher Higgins.
13:29 of 3rd period - Shot Blocked by Keith Yandle.
13:57 of 3rd period - Shot by Ray Whitney.
13:57 of 3rd period - Stopped by Craig Anderson with a rebound.
14:39 of 3rd period - Shot by Zach Parise.
14:39 of 3rd period - Shot Misses the Net.
15:29 of 3rd period - Icing by Keith Yandle.
15:30 of 3rd period - Mike Modano wins face-off versus Nik Antropov in RedWings zone.
16:57 of 3rd period - Minor Penalty to Ryan Whitney for Holding.
16:58 of 3rd period - Nate Thompson wins face-off versus Ryan Getzlaf in RedWings zone.
17:31 of 3rd period - Icing by Ryan Getzlaf.
17:32 of 3rd period - Nate Thompson wins face-off versus Ryan Getzlaf in Wild zone.
17:37 of 3rd period - Shot by Alexandre Burrows.
17:37 of 3rd period - Deflect By Nate Thompson.
17:37 of 3rd period - Shot Misses the Net.
18:43 of 3rd period - Milan Michalek is hit by Alexandre Burrows and loses puck.
19:41 of 3rd period - Ruslan Fedotenko is hit by Nik Antropov and loses puck.


Output by the SimonT Hockey Simulator (STHS) for Stephane Roy -- Original Page W3C XHTML 1.0 Valid